AoeStats
← Inferno-_-

Arena

509270996Analyzed
4v4 RM · 6d ago on Sep 26, 2026· 19m 13s· 8 players
Game mode
Random Map
Map size
Large (8 player)
Population
200
Speed
Normal
Resources
Standard
Victory
Conquest
Starting age
Dark Age
Ending age
Imperial Age
RankedLock teamsTeams togetherTeam positionsShared explorationLock speedFull tech treeHidden civsTurbo modeCheats
Victory
Defeat
🇦🇷 Armenians · Argentina
1121
+13
🇵🇪 Teutons · Peru
1060
+15
🇺🇸 Cumans · United States
1007
+18
🇦🇷 Franks · Argentina
1001
+18
🇭🇰 Celts · Hong Kong SAR China
1109
-19
🇺🇸 Danes · United States
1050
-16
🇺🇸 Saracens · United States
1020
-15
🇵🇪 Spanish · Peru
1006
-14
Fran Miami
10:32 Feudal Age
15:38 Loom
15:42 Loom
ChristianVas
10:42 Feudal Age
12:30 Wheelbarrow
11:46 Horse Collar
11:52 Double-Bit Axe
13:21 Man-at-Arms
13:24 Pikeman
14:19 Long Swordsman
DSLG | Shamer
11:34 Feudal Age
12:08 Loom
18:10 Castle Age
18:21 Bloodlines
18:07 Double-Bit Axe
18:05 Horse Collar
18:19 Gold Mining
Inferno-_-
10:37 Feudal Age
13:56 Forging
irishfan2013
13:40 Feudal Age
14:40 Double-Bit Axe
14:37 Horse Collar
18:02 Castle Age
ItsNotTheHerp
10:58 Feudal Age
17:12 Castle Age
16:06 Scale Barding Armor
little4
11:55 Feudal Age
10:25 Loom
12:28 Feudal Age
16:06 Castle Age
14:11 Double-Bit Axe
14:27 Gold Mining
17:05 Wheelbarrow
Santísima TRINIDAD
11:00 Feudal Age
15:04 Castle Age
13:55 Double-Bit Axe
13:53 Horse Collar
Connection lost

Rejoining the realm…

Still unreachable

The connection could not be restored.

Session expired

The server has moved on; the page needs a fresh start.